Map: Ruins of Seras

Players

PtitDrogo

  • Race: Protoss Protoss
  • League: Grandmaster

Lambo - Winner!

  • Race: Zerg Zerg
  • League: Grandmaster

Event: 2016 WCS Winter Challenger Europe

VOD

Have the link to the VOD?

Description

Time

  • Played on: Feb. 13, 2016, 12:10 p.m.
  • Length: 9:50

All games in this series

Show
View Real Time Build Order
Export as new Build Order

PtitDrogo Protoss 

Build Orders: Nexus First, Phoenix Opening 

Get SALT Encoding   

  12  0:01  Probe (Chrono Boost)  
  13  0:11  Probe (Chrono Boost)  
  14  0:17  Pylon  
  14  0:22  Probe (Chrono Boost)  
  15  0:36  Probe (Chrono Boost)  
  16  0:46  Probe (Chrono Boost)  
  18  0:57  Probe (Chrono Boost)  
  18  1:04  Nexus  
  18  1:13  Gateway  
  18  1:18  Probe (Chrono Boost)  
  19  1:23  Assimilator  
  19  1:29  Probe (Chrono Boost)  
  19  1:32  Assimilator  
  20  1:40  Probe (Chrono Boost)  
  20  1:47  Pylon  
  21  1:50  Probe (Chrono Boost)  
  22  2:01  Probe (Chrono Boost)  
  23  2:02  Cybernetics Core  
  23  2:11  Probe (Chrono Boost)  
  24  2:16  Probe (Chrono Boost)  
  24  2:17  Zealot (Chrono Boost)  
  24  2:22  Probe (Chrono Boost)  
  28  2:27  Probe (Chrono Boost)  
  29  2:32  Probe (Chrono Boost)  
  29  2:37  Probe (Chrono Boost)  
  30  2:40  Stargate  
  30  2:43  Probe  
  32  2:44  Adept (Chrono Boost)  
  32  2:46  Warp Gate  
  32  2:47  Probe  
  35  2:55  Probe  
  36  2:59  Pylon  
  36  3:01  Probe (Chrono Boost)  
  37  3:07  Probe (Chrono Boost)  
  37  3:08  Adept (Chrono Boost)  
  37  3:12  Probe (Chrono Boost)  
  41  3:18  Probe (Chrono Boost)  
  42  3:22  Probe (Chrono Boost)  
  42  3:25  Phoenix (Chrono Boost)  
  45  3:28  Pylon  
  45  3:29  Probe  
  45  3:31  Mothership Core  
  48  3:41  Probe  
  49  3:49  Phoenix (Chrono Boost)  
  49  3:51  Probe  
  49  3:53  Probe  
  53  4:01  Probe  
  53  4:02  Nexus  
  53  4:05  Pylon  
  53  4:06  Probe  
  55  4:10  Phoenix (Chrono Boost)  
  55  4:13  Gateway  
  55  4:15  Probe, Gateway  
  57  4:23  Assimilator x2  
  58  4:28  Probe  
  59  4:32  Phoenix (Chrono Boost)  
  56  4:51  Pylon  
  51  4:54  Probe, Phoenix (Chrono Boost)  
  51  4:56  Pylon  
  53  5:00  Probe, Pylon  
  54  5:08  Probe  
  54  5:11  Probe  
  55  5:20  Probe  
  55  5:21  Probe  
  55  5:27  Phoenix (Chrono Boost)  
  58  5:32  Probe x2  
  60  5:43  Probe  
  60  5:44  Probe, Adept x3  
  60  5:49  Phoenix (Chrono Boost)  
  70  5:53  Probe  
  70  5:56  Probe  
  72  5:57  Pylon  
  72  6:01  Pylon  
  72  6:04  Probe  
  72  6:08  Probe  
  72  6:10  Phoenix (Chrono Boost)  
  76  6:14  Probe  
  76  6:16  Adept  
  79  6:20  Probe  
  79  6:25  Probe  
  80  6:30  Pylon  
  80  6:32  Probe, Sentry x2  
  86  6:40  Pylon  
  86  6:43  Pylon  
  86  6:46  Probe  
  86  6:48  Probe  
  86  6:53  Zealot  
  82  7:00  Zealot x2  
  77  7:04  Pylon  
  75  7:15  Probe  
  74  7:18  Probe  
  73  7:29  Adept x3  
  77  7:32  Phoenix (Chrono Boost)  
  79  7:45  Twilight Council  
  79  7:47  Nexus  
  79  7:48  Pylon  
  79  7:50  Pylon  
  79  7:54  Phoenix (Chrono Boost)  
  79  7:56  Probe  
  82  8:01  Sentry x3  
  88  8:06  Forge  
  88  8:26  Adept x3, Dark Shrine  
  94  8:48  Pylon x2  
  94  8:51  Pylon x2  
  94  8:53  Zealot x3  
Show
View Real Time Build Order
Export as new Build Order

Lambo Zerg - Winner!

Build Orders: 3 Hatch before Pool 

Get SALT Encoding   

  12  0:01  Drone  
  13  0:13  Overlord  
  13  0:18  Drone  
  14  0:31  Drone x2  
  16  0:37  Drone  
  17  0:53  Hatchery  
  17  0:56  Drone  
  17  1:02  Drone  
  18  1:24  Hatchery  
  17  1:26  Drone x2  
  19  1:46  Spawning Pool, Drone x2  
  20  1:49  Extractor  
  19  2:08  Drone x3  
  22  2:17  Drone x2  
  24  2:25  Overlord  
  24  2:32  Queen x2  
  24  2:36  Queen  
  28  2:40  Zergling x2  
  28  2:43  Drone  
  32  2:45  Drone  
  32  2:48  Drone  
  34  2:52  Metabolic Boost  
  34  2:56  Drone  
  34  2:58  Drone  
  36  3:02  Drone  
  36  3:04  Overlord  
  37  3:08  Drone  
  38  3:18  Overlord, Zergling x2  
  38  3:19  Zergling x6  
  42  3:30  Zergling x6  
  42  3:31  Zergling x2  
  46  3:35  Overlord  
  46  3:43  Zergling x2  
  46  3:44  Zergling x8  
  50  3:54  Zergling x6  
  50  3:55  Zergling x4  
  54  4:00  Zergling x8  
  58  4:06  Zergling x2  
  58  4:07  Zergling x2  
  60  4:11  Zergling x2  
  60  4:16  Overlord, Drone x2  
  63  4:19  Overlord x2  
  63  4:23  Overlord  
  60  4:40  Zergling x2  
  60  4:41  Zergling x14  
  61  4:49  Zergling x6  
  61  4:50  Zergling x4  
  64  4:56  Zergling x2  
  64  4:57  Zergling x12  
  67  5:02  Drone  
  65  5:15  Drone x3  
  65  5:18  Drone, Lair  
  65  5:21  Extractor  
  67  5:22  Extractor  
  67  5:23  Extractor  
  67  5:27  Drone x2  
  67  5:28  Spore Crawler  
  66  5:30  Spore Crawler x2  
  66  5:31  Drone x7  
  71  5:35  Drone  
  71  5:36  Drone  
  71  5:41  Drone x3  
  76  5:45  Drone  
  76  5:48  Drone x2  
  77  5:55  Overlord  
  77  5:57  Overlord  
  77  5:58  Drone  
  77  6:02  Overlord  
  78  6:05  Overlord  
  78  6:07  Overlord  
  75  6:12  Queen  
  75  6:14  Overlord  
  75  6:17  Queen  
  77  6:28  Drone x3  
  77  6:30  Queen  
  77  6:32  Drone, Hydralisk Den  
  80  6:33  Drone  
  80  6:35  Drone  
  80  6:36  Drone  
  80  6:37  Drone  
  80  6:38  Drone  
  85  6:48  Queen  
  85  6:50  Drone x7  
  85  6:51  Drone x2  
  87  6:57  Drone x2  
  86  7:04  Drone x3  
  82  7:13  Drone  
  82  7:14  Drone x2  
  85  7:18  Queen x2  
  83  7:24  Queen  
  83  7:29  Hydralisk x2  
  82  7:30  Hydralisk x3  
  82  7:31  Hydralisk  
  92  7:38  Hydralisk  
  92  7:39  Muscular Augments, Hydralisk  
  92  7:43  Overseer  
  96  7:50  Hydralisk  
  96  7:51  Hydralisk x2  
  98  7:54  Queen x2  
  103  7:59  Queen  
  103  8:01  Overlord  
  103  8:02  Overlord x2  
  105  8:08  Nydus Network  
  104  8:16  Hydralisk  
  106  8:20  Hydralisk  
  106  8:21  Hydralisk x2  
  106  8:23  Hydralisk  
  106  8:25  Zergling x16  
  121  8:44  Nydus Canal  
  121  8:50  Hydralisk x2  
  121  8:51  Hydralisk, Zergling x4  
  121  8:55  Overlord  
  129  8:59  Overlord  
  127  9:13  Hydralisk  
  129  9:18  Zergling x20  
  129  9:24  Zergling x4  
Tags
 
Add a new tag
Caveats
  • Supply blocks, unpowered buildings, or Contaminate may cause inaccurate times.
  • Supply counts are checked every 10 seconds.